 Dungeon Crawl Stone Soup version 0.29.0-4-gdea44cf6ec (webtiles) character file.

Game seed: 10757324908914666302

6 ImASeal the Slasher (level 2, 0/23 HPs)
             Began as a Meteoran Wanderer on Aug 27, 2022.
             Slain by a hobgoblin (3 damage)
             ... on level 1 of the Dungeon.
             The game lasted 00:01:43 (90 turns).

ImASeal the Slasher (Meteoran Wanderer)               Turns: 90, Time: 00:01:44

Health: 0/23       AC:  2    Str: 12    XL:     2   Next: 11%
Magic:  1/5        EV: 11    Int: 13    God:
Gold:   10         SH:  0    Dex: 14    Spells: 2/3 levels left

rFire   . . .      SeeInvis .   a - +3 falchion
rCold   . . .      Faith    .   (no shield)
rNeg    . . .      Spirit   .   c - +0 robe
rPois   .          Reflect  .   (no helmet)
rElec   .          Harm     .   (no cloak)
rCorr   .          Rampage  .   (no gloves)
Will    .....                   (no boots)
Stlth   +.........              (no amulet)
HPRegen 0.07/turn               (no ring)
MPRegen 0.09/turn               (no ring)

@: glowing
A: sense surroundings 1, otherworldly, glowing, explore regen
a: no special abilities


You were on level 1 of the Dungeon.
You visited 1 branch of the dungeon, and saw 1 of its levels.

You collected 10 gold pieces.

Inventory:

Hand Weapons
 a - a +3 falchion (weapon)
Armour
 c - a +0 robe (worn)
Potions
 b - a potion of berserk rage


   Skills:
 + Level 1.1 Fighting
 + Level 3.9 Long Blades
 + Level 2.4 Armour
 + Level 1.3 Spellcasting
 + Level 2.8 Summonings
 + Level 1.2 Invocations


You had 2 spell levels left.
You knew the following spells:

 Your Spells              Type           Power      Damage    Failure   Level
a - Summon Small Mammal   Summ           32%        N/A       9%          1

Your spell library contained the following spells:

 Spells                   Type           Power      Damage    Failure   Level
 Call Canine Familiar     Summ           8%         N/A       26%         3


Dungeon Overview and Level Annotations

Branches:
Dungeon (1/15) Zot: 508

Altars:


Innate Abilities, Weirdness & Mutations

You passively map a small area around you.
You are easily found by Zot.
You glow in the dark.
You regain HP and MP as you explore.


Message History

Confirm with . or Enter, or press ? or * to list all spells.
Your rat disappears in a puff of smoke!
The jackal barely misses you. The jackal closely misses you.
The jackal misses you. The hobgoblin closely misses your rat.
Your rat barely misses the jackal.
You completely miss the jackal.
The jackal is heavily wounded.
Your bat hits the jackal but does no damage.
The jackal closely misses you. The jackal barely misses you.
The jackal bites you. The hobgoblin hits your rat.
Your rat bites the jackal.
You are too injured to fight recklessly!
You are too injured to fight recklessly!
You hit the jackal.
You kill the jackal!
Your bat closely misses the jackal.
The jackal bites you.
Your bat hits the hobgoblin but does no damage.
Your rat closely misses the hobgoblin.
You barely miss the hobgoblin. Your bat misses the jackal.
The jackal barely misses you. The jackal misses your rat.
The jackal barely misses you. The hobgoblin hits you.
Your rat bites the hobgoblin but does no damage.
You hit the hobgoblin.
The hobgoblin is severely wounded.
Your bat barely misses the jackal.
The jackal bites your rat.
Your rat dies!
Your rat's corpse disappears in a puff of smoke!
Your bat hits the hobgoblin but does no damage.
The jackal bites you. The hobgoblin completely misses you.
The jackal bites you.
* * * LOW HITPOINT WARNING * * *
Casting: Summon Small Mammal (safe; 9% risk of failure)
Confirm with . or Enter, or press ? or * to list all spells.
Your bat barely misses the jackal.
The jackal closely misses you. The hobgoblin hits you.
* * * LOW HITPOINT WARNING * * *
The jackal bites you but does no damage.
Your bat hits the hobgoblin but does no damage.
The jackal attacks as you move away! The jackal closely misses you.
The hobgoblin attacks as you move away! The hobgoblin hits you.
You die...

#.............## , ... *
##...##.......#. , ....
##...+.......#.
,...########'##.......#.
#..#...##...#.......'. ,
##.....+....#.......#.
#......#....#.......#.
#..bh.b#....#########.
#...g@................ ,
#...h#####+########### ,
#...†# * , , #....# , ,
*#....# * , , , +......


**PPPP♣PPPP , #####.# * * *♣PPPP♣PPP #.# P.P♣PPPPP ,* ** *#.# PP♣PPP♣P♣ You
could see 2 jackals, a hobgoblin and 2 friendly bats.

Vanquished Creatures
  A goblin (D:1)
  A hobgoblin (D:1)
  2 jackals (D:1)
  A kobold (D:1)
5 creatures vanquished.

Notes
Turn   | Place    | Note
-------+----------+-------------------------------------------
     0 | D:1      | ImASeal the Meteoran Wanderer began the quest for the Orb.
     0 | D:1      | ImASeal set off with the following items: a +3 falchion, a
                  | potion of berserk rage, a +0 robe; and the following spell
                  | memorised: Summon Small Mammal; and the following spells
                  | available to memorise: Call Canine Familiar.
     0 | D:1      | Reached XP level 1. HP: 16/16 MP: 3/3
    79 | D:1      | Reached XP level 2. HP: 18/23 MP: 5/5
    90 | D:1      | Slain by a hobgoblin

Illustrated notes

Levels and vault maps discovered:
D:1:      minmay_arrival_arboretum_large, layout_basic,
          chequers_ecumenical_altar_simple_redux, minmay_distorted

Action                   || total
-------------------------++-------
Melee: Falchion          ||    14
 Cast: Summon Small Mamm ||     7
Armor: Robe              ||     5
Dodge: Dodged            ||    18
